 Dungeon Crawl Stone Soup version 0.29-a0-330-g52719c12eb (webtiles) character file.

Game seed: 8698309516253041944

142 night the Shooter (level 5, 0/39 HPs)
             Began as a Barachi Hunter on Apr 30, 2022.
             Succumbed to an adder's poison
             ... on level 3 of the Dungeon.
             The game lasted 00:04:58 (2037 turns).

night the Shooter (Barachi Hunter)                  Turns: 2037, Time: 00:04:59

Health: 0/39       AC:  6    Str: 12    XL:     5   Next: 24%
Magic:  5/5        EV: 11    Int: 15    God:
Gold:   48         SH:  0    Dex: 18    Spells: 4/4 levels left

rFire   . . .      SeeInvis .   b - +0 dagger (venom)
rCold   . . .      Faith    .   (no shield)
rNeg    . . .      Spirit   .   q - +0 ring mail
rPois   .          Reflect  .   (no helmet)
rElec   .          Harm     .   d - +0 cloak
rCorr   .          Rampage  .   (no gloves)
Will    .....                   (no boots)
Stlth   +.........              (no amulet)
HPRegen 0.13/turn               f - +6 ring of intelligence
MPRegen 0.09/turn               (no ring)

@: lethally poisoned (0 -> -6), unable to hop, slow
A: amphibious, slowness 1, strong legs 1, +LOS
a: Hop


You were on level 3 of the Dungeon.
You visited 1 branch of the dungeon, and saw 3 of its levels.

You collected 48 gold pieces.

Inventory:

Hand Weapons
 a - a +1 shortbow
 b - a +0 dagger of venom (weapon)
 j - a +0 dagger
Missiles
 g - 88 stones
 o - a throwing net (quivered)
 r - 6 poisoned darts
Armour
 d - a +0 cloak (worn)
 q - a +0 ring mail (worn)
 t - a +0 leather armour
Jewellery
 f - a +6 ring of intelligence (left hand)
Scrolls
 c - a scroll of immolation
 i - a scroll of identify
 m - a scroll of summoning {unknown}
 n - a scroll of torment
Potions
 e - a potion of heal wounds {unknown}
 h - 2 potions of curing {unknown}
 k - 2 potions of mutation {unknown}
 l - 2 potions of magic {unknown}
 p - a potion of haste {unknown}
 s - 2 potions of might {unknown}


   Skills:
 - Level 2.5 Fighting
 * Level 6.3 Bows
 - Level 2.1 Dodging
 - Level 0.8 Stealth


You had 4 spell levels left.
You didn't know any spells.
Your spell library was empty.

Dungeon Overview and Level Annotations

Branches:
Dungeon (3/15)

Altars:
Trog


Innate Abilities, Weirdness & Mutations

You are amphibious.
You cover ground slowly.
You can hop short distances.
You have an extended range of vision and can be seen from far away.


Message History

An ogre comes into view. It is wielding a +0 giant spiked club.
You shoot an arrow. The arrow hits the ogre!
The ogre is moderately wounded.
The ogre hits you with a +0 giant spiked club.
Your +0 dagger of venom begins to drip with poison!
b - a +0 dagger of venom (weapon)
You hit the ogre but do no damage.
The ogre is moderately wounded.
The ogre hits you with a +0 giant spiked club!
You are too injured to fight recklessly!
You hit the ogre.
The ogre is poisoned.
The ogre is moderately wounded.
You completely miss the ogre.
The ogre is moderately wounded.
The ogre hits you with a +0 giant spiked club!
* * * LOW HITPOINT WARNING * * *
Your legs are too worn out to hop.
The adder bites you.
* * * LOW HITPOINT WARNING * * *
An endoplasm comes into view.
An adder comes into view.
The adder barely misses you. The goblin closely misses you.
The adder closely misses you. The ogre misses you.
The endoplasm quivers.
The adder hisses angrily.
The adder bites you but does no damage. x2
The adder attacks as you move away! The adder bites you but does no damage.
The adder bites you.
* * * LOW HITPOINT WARNING * * *
The goblin attacks as you move away! The goblin barely misses you.
The adder attacks as you move away! The adder bites you but does no damage.
The endoplasm completely misses you. The adder bites you but does no damage.
The adder bites you.
* * * LOW HITPOINT WARNING * * *
You are lethally poisoned!
The adder poisons you! The endoplasm freezes you.
You are frozen.
* * * LOW HITPOINT WARNING * * *
You die...

......## .. #.#..#....
#.# .....†###.. #..
...........######..#
##.##.............####
...# ##............#
.### #............# ##
#...##J......###. #
#..gS.@........ #
###.OS.###...... #
#######....### ##..
####.....>....#
.....##.....###
........#####
#####...# .......##
######.#


You could see an ogre (poisoned), 2 adders, an endoplasm and a goblin.

Vanquished Creatures
  Jessica (D:2)
  Terence (D:3)
  3 adders (D:2)
  3 dart slugs
  An orc (D:3)
  6 endoplasms
  A giant cockroach (D:1)
  4 hobgoblins
  3 jackals (D:1)
  11 ball pythons
  A bat (D:1)
  3 frilled lizards
  5 goblins
  9 kobolds
  3 rats
55 creatures vanquished.

Notes
Turn   | Place    | Note
-------+----------+-------------------------------------------
     0 | D:1      | night the Barachi Hunter began the quest for the Orb.
     0 | D:1      | Reached XP level 1. HP: 17/17 MP: 1/1
    65 | D:1      | Reached XP level 2. HP: 21/23 MP: 2/2
    93 | D:1      | Found a faded altar of an unknown god.
   153 | D:1      | Reached XP level 3. HP: 28/28 MP: 3/3
   257 | D:1      | Reached skill level 5 in Bows
   986 | D:2      | Reached XP level 4. HP: 34/34 MP: 4/4
  1338 | D:2      | Noticed Jessica
  1341 | D:2      | Killed Jessica
  1342 | D:2      | Reached skill level 6 in Bows
  1620 | D:3      | Noticed Terence
  1629 | D:3      | Reached XP level 5. HP: 39/39 MP: 5/5
  1651 | D:3      | HP: 2/39 [Terence/+0 flail (8)]
  1988 | D:3      | Found a bloodstained altar of Trog.
  1999 | D:3      | Killed Terence
  2025 | D:3      | Noticed an ogre
  2036 | D:3      | HP: 4/39 [adder (3)]
  2037 | D:3      | Succumbed to an adder's poison

Illustrated notes

Levels and vault maps discovered:
D:1:      dpeg_arrival_long_road, layout_basic, basic_ecumenical_altar
D:2:      layout_loops_ring, uniq_jessica
D:3:      layout_rooms, general_overflow_altar, uniq_ijyb, uniq_terence

Skill      XL: |  1  2  3  4 |
---------------+-------------+-----
Bows           | 5 6 |  6.3
Fighting       | |  2.5
Dodging        | |  2.1
Stealth        | |  0.8

Action                   |  1- 3 |  4- 6 || total
-------------------------+-------+-------++-------
Melee: Dagger            |       |    18 ||    18
       Punch             |       |     1 ||     1
 Fire: Shortbow          |    83 |    44 ||   127
Throw: Throwing net      |       |     1 ||     1
 Abil: Hop               |     1 |     2 ||     3
  Use: Scroll            |       |     2 ||     2
Armor: Leather armour    |     7 |       ||     7
       Ring mail         |     1 |    10 ||    11
Dodge: Dodged            |    27 |    17 ||    44

Table legend: (Time is in decaauts)
 A = Elapsed time spent in this place.
 B = Non-inter-level travel time spent in this place.
 C = Inter-level travel time spent in this place.
 D = Time resting spent in this place.
 E = Time spent auto-exploring this place.
 F = Levels seen in this place.
 G = Mean time per level.
                   A        B        C        D        E       F      G
               +--------+--------+--------+--------+--------+-----+--------+
         Total |   2340 |   2289 |     51 |    296 |   1580 |   3 |  780.0 |
       Dungeon |   2340 |   2289 |     51 |    296 |   1580 |   3 |  780.0 |
               +--------+--------+--------+--------+--------+-----+--------+

Top non-repeatable levels by time:
     D:2: 1184 daAuts
     D:1: 949 daAuts
     D:3: 206 daAuts
